 Dungeon Crawl Stone Soup version 0.31-a0-965-g8a8ce12e04 (webtiles) character file.

Game seed: 16152574088757141538

44 Dordric the Changeling (level 3, -3/23 HPs)
             Began as an Octopode Shapeshifter on Oct 26, 2023.
             Was a Believer of Vehumet.
             Slain by Crazy Yiuf
             ... wielding a +3 quarterstaff of chaos
              (11 damage)
             ... on level 2 of the Dungeon.
             The game lasted 00:01:31 (1390 turns).

Dordric the Changeling (Octopode Shapeshifter)      Turns: 1390, Time: 00:01:32

Health: -3/23      AC:  1    Str: 13    XL:     3   Next: 62%
Magic:  3/3        EV: 13    Int: 12    God:    Vehumet [**....]
Gold:   131        SH:  0    Dex: 13    Spells: 2/2 levels left

rFire   . .          .
                       - Unarmed
rCold   . . .        (no shield)
rNeg    . . .        (helmet currently unavailable)
rPois   .            (no amulet)
rElec   .            (no ring)
rCorr   .            (no ring)
SInv    .            (no ring)
Will    .....        (no ring)
Stlth   ++           (no ring)
HPRegen 0.23/turn    (no ring)
MPRegen 0.08/turn    (no ring)
                     (no ring)

%: no passive effects
@: beast-form
A: beast (slay +2), almost no armour, amphibious, 8 rings, camouflage 1,
gelatinous body 1, (nimble swimmer 1), tentacles
a: Begin Untransformation, Renounce Religion


You were on level 2 of the Dungeon.
You worshipped Vehumet.
Vehumet was pleased with you.
You were a hulking beast.
You visited 1 branch of the dungeon, and saw 2 of its levels.

You collected 131 gold pieces.

Inventory:

Jewellery
 f - a ring of wizardry
 g - a ring of ice
 n - a +6 ring of intelligence
Talismans
 b - a beast talisman
 c - a flux talisman
Scrolls
 d - a scroll of teleportation
 e - a scroll of torment {unknown}
 h - a scroll of poison {unknown}
 i - a scroll of vulnerability
 l - 2 scrolls of revelation {unknown}
 o - a scroll of enchant armour {unknown}
Potions
 a - a potion of lignification
 j - 2 potions of mutation {unknown}
 k - a potion of magic {unknown}
 m - a potion of curing {unknown}


   Skills:
 - Level 1.0 Fighting
 - Level 2.0 Dodging
 - Level 3.0 Unarmed Combat
 + Level 4.3 Shapeshifting


You had 2 spell levels left.
You didn't know any spells.
Your spell library contained the following spells:

 Spells                   Type           Power      Damage    Failure   Level
 Sandblast                Erth           0%         2d4       32%         1
 Slow                     Hex            0%         N/A       32%         1
 Confusing Touch          Hex            0%         N/A       69%         3
 Sigil of Binding         Hex            0%         N/A       69%         3
 Vampiric Draining        Necr           0%         2d6       69%         3
 Cause Fear               Hex            0%         N/A       97%         4
 Fireball                 Conj/Fire      0%         3d3       100%        5
 Dragon's Call            Summ           0%         N/A       100%        9


Dungeon Overview and Level Annotations

Branches:
Dungeon (2/15)

Altars:
Vehumet

Annotations:
D:2 Crazy Yiuf


Innate Abilities, Weirdness & Mutations

You are a hulking beast.
Your limbs bulge with bestial killing power. (Slay +2)
You cannot wear most types of armour.
You are amphibious.
You can wear up to eight rings at the same time.
Your skin changes colour to match your surroundings (Stealth+).
Your rubbery body absorbs attacks. (AC +1, EV +1)
((You are camouflaged when in or above water. (Stealth+)))
You have tentacles for arms and can constrict up to eight enemies at once.


Message History

A kobold comes into view. It is wielding a +0 short sword.
Found 13 gold pieces.
A kobold is nearby!
A kobold is nearby!
A kobold is nearby!
Found a stone staircase leading up.
You closely miss the kobold. Your grab misses the kobold.
Your squeeze misses the kobold. The kobold completely misses you.
You tentacle-slap the kobold. You grab the kobold.
The kobold is severely wounded.
You constrict the kobold, but do no damage.
The kobold closely misses you.
You tentacle-slap the kobold.
You kill the kobold!
Vehumet accepts your kill.
No target in view!
Things that are here:
a +0 short sword; a kobold corpse You now have 131 gold pieces (gained 13).
There is a stone staircase leading up here.
Found a stone staircase leading up.
There is a stone staircase leading up here.
There is a stone staircase leading up here.
There is a stone staircase leading up here.
There is a stone staircase leading down here.
Key pressed, stopping explore.
There is a stone staircase leading down here.
Crazy Yiuf shouts!
No reachable target in view!
No reachable target in view!
No reachable target in view!
No reachable target in view!
You open the door. You barely miss Crazy Yiuf. Your grab misses Crazy Yiuf.
Your squeeze misses Crazy Yiuf.
Crazy Yiuf cries, "Walk snail ragdoll!"
Crazy Yiuf hits you with a +3 quarterstaff of chaos!
Ouch! That really hurt!
You are electrocuted!
You die...

###♣♣♣♣♣ ##....♣.♣♣♣
### ##......♣..♣#...#
##### ##
#......♣♣♣♣hg...#
#...# .# #.....♣♣
♣♣#..)# #...# .#
#.###♣♣ ### #...# .#
#..# #...# .# ##.#
#...# .# #.######
#########...# .#
#......#
#...........# .#
##.....#
#...........# .#
#.....###...........#


You could see Crazy Yiuf.

Vanquished Creatures
  An adder (D:2)
  A worm (D:2)
  A dart slug (D:2)
  2 ball pythons (D:1)
  3 endoplasms
  2 giant cockroaches (D:2)
  A goblin (D:2)
  A hobgoblin (D:1)
  7 kobolds
  A quokka (D:1)
  4 bats
  3 frilled lizards
  4 rats (D:1)
31 creatures vanquished.

Notes
Turn   | Place    | Note
-------+----------+-------------------------------------------
     0 | D:1      | Dordric the Octopode Shapeshifter began the quest for the
                  | Orb.
     0 | D:1      | Reached XP level 1. HP: 13/13 MP: 1/1
    14 | D:1      | Noticed a great orb of eyes
    22 | D:1      | Found a faded altar of an unknown god.
    22 | D:1      | Noticed a great orb of eyes
    25 | D:1      | Noticed an eye of devastation
    32 | D:1      | Noticed a glass eye
   134 | D:1      | Prayed at the altar of an unknown god.
   134 | D:1      | Became a worshipper of Vehumet
   134 | D:1      | Reached * piety under Vehumet
   134 | D:1      | Offered knowledge of Kiss of Death by Vehumet.
   241 | D:1      | Reached XP level 2. HP: 16/18 MP: 2/2
   655 | D:2      | Reached XP level 3. HP: 23/23 MP: 3/3
   745 | D:2      | Reached ** piety under Vehumet
   745 | D:2      | Offered knowledge of Sandblast by Vehumet.
   746 | D:2      | Reached skill level 4 in Shapeshifting
   915 | D:2      | Found a runed translucent door.
   916 | D:2      | Noticed Crazy Yiuf
  1390 | D:2      | Slain by Crazy Yiuf

Illustrated notes

Levels and vault maps discovered:
D:1:      ncdulo_wetmaze, layout_rooms, hellmonk_ecumenical_altar_watching_god,
          serial_forest, infiniplex_forest_lined_room_3,
          infiniplex_forest_straight_5, infiniplex_forest_corner_2,
          infiniplex_forest_straight_4, infiniplex_forest_lined_1,
          infiniplex_forest_clump_C, hangedman_decor_clover_reticule
D:2:      layout_basic, uniq_crazy_yiuf_cottage

Skill      XL: |  1  2  3 |
---------------+----------+-----
Shapeshifting  | 4 |  4.3
Fighting       | |  1.0
Dodging        | |  2.0
Unarmed Combat | |  3.0

Action                     || total
---------------------------++-------
  Melee: Unarmed           ||    53
         Constrict         ||    15
         Tentacles         ||    10
         Punch             ||     2
    Use: Scroll            ||     2
   Stab: Sleeping          ||     3
 Armour: Skin              ||    17
  Dodge: Dodged            ||    30

Table legend: (Time is in decaauts)
 A = Elapsed time spent in this place.
 B = Non-inter-level travel time spent in this place.
 C = Inter-level travel time spent in this place.
 D = Time resting spent in this place.
 E = Time spent auto-exploring this place.
 F = Levels seen in this place.
 G = Mean time per level.
                   A        B        C        D        E       F      G
               +--------+--------+--------+--------+--------+-----+--------+
         Total |   1386 |   1334 |     52 |     19 |   1110 |   2 |  693.0 |
       Dungeon |   1386 |   1334 |     52 |     19 |   1110 |   2 |  693.0 |
               +--------+--------+--------+--------+--------+-----+--------+

Top non-repeatable levels by time:
     D:2: 805 daAuts
     D:1: 581 daAuts
